 Dungeon Crawl Stone Soup version 0.31-a0-845-g9abc20d24f (webtiles) character file.

Game seed: 3899114876071137525

149 wvc the Firebug (level 5, -7/28 HPs)
             Began as a Gargoyle Fire Elementalist on Oct 1, 2023.
             Mangled by an ogre
             ... wielding a +0 giant club
              (22 damage)
             ... on level 4 of the Dungeon.
             The game lasted 00:10:16 (2869 turns).

wvc the Firebug (Gargoyle Fire Elementalist)        Turns: 2869, Time: 00:10:16

Health: -7/28      AC:  9    Str: 12    XL:     5   Next: 31%
Magic:  0/9        EV: 11    Int: 17    God:
Gold:   177        SH:  0    Dex: 10    Spells: 3/10 levels left

rFire   . . .        d - +1 dagger
rCold   . . .        (no shield)
rNeg    + . .        e - +0 leather armour
rPois   ∞            (no helmet)
rElec   +            (no cloak)
rCorr   .            j - +0 pair of gloves
SInv    .            h - +0 pair of boots
Will    .....        (no amulet)
Stlth   ++           i - ring of wizardry
HPRegen 0.24/turn    (no ring)
MPRegen 0.11/turn

%: wizardry (x1)
@: no status effects
A: sickness immunity, AC +4, negative energy resistance 1, electricity
resistance, torment resistance 1, petrification resistance
a: no special abilities


You were on level 4 of the Dungeon.
You visited 1 branch of the dungeon, and saw 4 of its levels.

You collected 177 gold pieces.

Inventory:

Hand Weapons
 d - a +1 dagger (weapon)
 k - a +1 whip of freezing
Armour
 e - a +0 leather armour (worn)
 h - a +0 pair of boots (worn)
 j - a +0 pair of gloves (worn)
Jewellery
 i - a ring of wizardry (left hand)
Talismans
 u - a beast talisman
Scrolls
 m - 5 scrolls of teleportation
 n - 3 scrolls of immolation
 q - a scroll of fog
Potions
 a - a potion of heal wounds
 b - a potion of magic
 f - a potion of enlightenment
 l - a potion of lignification {unknown}
 o - a potion of mutation
 p - a potion of resistance {unknown}
 r - a potion of berserk rage {unknown}
 s - a potion of curing {unknown}


   Skills:
 - Level 1.5 Dodging
 - Level 2.1 Stealth
 + Level 3.2 Spellcasting
 * Level 2.9 Conjurations
 + Level 4.3 Fire Magic


You had 3 spell levels left.
You knew the following spells:

 Your Spells              Type           Power      Damage    Failure   Level
a - Foxfire               Conj/Fire      60%        2x1d7     1%          1
b - Scorch                Fire           34%        2d6       2%          2
c - Flame Wave            Conj/Fire      15%        2d7       19%         4

Your spell library contained the following spells:

 Spells                   Type           Power      Damage    Failure   Level
 Magic Dart               Conj           48%        1d5       2%          1
 Apportation              Tloc           4%         N/A       9%          1
 Sandblast                Erth           4%         2d4       9%          1
 Inner Flame              Hex/Fire       10%        N/A       11%         3
 Volatile Blastmotes      Fire/Tloc      20%        2d11      11%         3
 Call Imp                 Summ           4%         N/A       13%         2
 Jinxbite                 Hex            4%         N/A       13%         2
 Passwall                 Tmut/Erth      1%         N/A       13%         2
 Stone Arrow              Conj/Erth      14%        3d7       14%         3
 Mephitic Cloud           Conj/Pois/Air  6%         N/A       17%         3
 Brom's Barrelling Bould  Conj/Erth      7%         2d3       41%         4
 Alistair's Intoxication  Tmut/Pois      1%         N/A       91%         5


Dungeon Overview and Level Annotations

Branches:
Dungeon (4/15)
 Temple: D:4-7

Altars:
Ashenzari

Shops:
D:1 !


Innate Abilities, Weirdness & Mutations

You are immune to sickness and miasma.
Your stone body is resilient. (AC +4)
You are immune to poison.
You resist negative energy. (rN+)
You are resistant to electric shocks. (rElec)
You are resistant to unholy torment.
You are immune to petrification.


Message History

The foxfire hits the orc but does no damage.
The orc is moderately wounded.
The foxfire hits the goblin.
You kill the goblin!
The orc hits you with a +0 short sword.
An ogre comes into view. It is wielding a +0 giant club.
The orc attacks as it pursues you! The orc hits you but does no damage.
The ogre shouts!
The orc attacks as it pursues you! The orc completely misses you.
Casting: Foxfire (safe; 1% risk of failure)
Press: ? - help, Q - select action, (/) - cycle Dir - look around, f - activate You conjure some foxfire!
The orc closely misses you.
The foxfire hits the orc but does no damage.
The orc is moderately wounded.
The foxfire hits the orc.
The orc is almost dead.
The orc attacks as it pursues you! The orc closely misses you.
Casting: Foxfire (safe; 1% risk of failure)
Press: ? - help, Q - select action, (/) - cycle Dir - look around, f - activate You miscast Foxfire.
You are very lightly contaminated with residual magic.
Nothing appears to happen.
The orc closely misses you.
Casting: Foxfire (safe; 1% risk of failure)
Press: ? - help, Q - select action, (/) - cycle Dir - look around, f - activate You conjure some foxfire!
The orc hits you with a +0 short sword.
The foxfire hits the orc!
You kill the orc!
The foxfire hits the ogre.
The ogre is lightly wounded.
Casting: Foxfire (safe; 1% risk of failure)
Press: ? - help, Q - select action, (/) - cycle Dir - look around, f - activate You conjure some foxfire!
Your foxfire dissipates!
Your magical contamination has completely faded away.
The ogre hits you with a +0 giant club!!
Ouch! That really hurt!
You die...

## ##### #..# #. ##...
#..#.#.####+++###...##
...#.#..#.......###..###
.#..............@O.....#
....#................#.#
#...##............##..#
##..#.#..........#.#.)#
#....#.##......##.#...#
##.....##.#....#.##....#
.......#.#.#..#.#§#...!#
........#.##..##§#(†...#
##.......##....##.)....#


You could see an ogre.

Vanquished Creatures
  A jelly (D:4)
  An iguana (D:4)
  An adder (D:3)
  2 worms
  A dart slug (D:1)
  2 orcs
  7 ball pythons
  9 endoplasms
  3 giant cockroaches
  7 goblins
  9 hobgoblins
  4 jackals (D:3)
  5 quokkas
  2 bats (D:3)
  3 frilled lizards
  4 kobolds
  8 rats
69 creatures vanquished.

Vanquished Creatures (others)
  142 foxfires
142 creatures vanquished.

Grand Total: 211 creatures vanquished

Notes
Turn   | Place    | Note
-------+----------+-------------------------------------------
     0 | D:1      | wvc the Gargoyle Fire Elementalist began the quest for the
                  | Orb.
     0 | D:1      | Reached XP level 1. HP: 10/10 MP: 3/3
   221 | D:1      | Reached XP level 2. HP: 15/15 MP: 0/5
   575 | D:1      | Reached XP level 3. HP: 19/19 MP: 3/6
   842 | D:1      | Found Ipiar's Distillery.
   936 | D:2      | Learned a level 2 spell: Scorch
  1793 | D:3      | Found a broken altar of Ashenzari.
  1858 | D:3      | Reached skill level 4 in Fire Magic
  1945 | D:3      | Found a faded altar of an unknown god.
  1966 | D:3      | Reached XP level 4. HP: 24/24 MP: 8/8
  2106 | D:3      | Learned a level 4 spell: Flame Wave
  2687 | D:4      | Reached XP level 5. HP: 28/28 MP: 5/9
  2853 | D:4      | Noticed an ogre
  2869 | D:4      | Mangled by an ogre

Illustrated notes

Levels and vault maps discovered:
D:1:      minmay_arrival_hallway, layout_rooms, serial_shops,
          nicolae_shop_behind_doors
D:2:      layout_loops_ring
D:3:      layout_basic, mainiacjoe_overflow_boulevard,
          shapermc_ecumenical_altar_venn, minmay_misc_feat_more_columns,
          minmay_cupped
D:4:      layout_basic, serial_glass, glass_columns_a, glass_columns_a,
          glass_columns_a, glass_columns_a, minmay_misc_feat_secret_circle,
          kennysheep_cluttered_room

Skill      XL: |  1  2  3  4 |
---------------+-------------+-----
Fire Magic     | 4 |  4.3
Conjurations   | 2 |  2.9
Spellcasting   | 3 |  3.2
Dodging        | |  1.5
Stealth        | |  2.1

Action                     |  1- 3 |  4- 6 || total
---------------------------+-------+-------++-------
  Melee: Unarmed           |     6 |       ||     6
         Dagger            |    97 |    27 ||   124
         Punch             |     2 |     1 ||     3
   Cast: Foxfire           |    45 |    34 ||    79
         Scorch            |     1 |       ||     1
    Use: Scroll            |       |     8 ||     8
   Stab: Sleeping          |     1 |       ||     1
 Armour: Robe              |    12 |       ||    12
         Leather armour    |    56 |    28 ||    84
  Dodge: Dodged            |    61 |    27 ||    88

Table legend: (Time is in decaauts)
 A = Elapsed time spent in this place.
 B = Non-inter-level travel time spent in this place.
 C = Inter-level travel time spent in this place.
 D = Time resting spent in this place.
 E = Time spent auto-exploring this place.
 F = Levels seen in this place.
 G = Mean time per level.
                   A        B        C        D        E       F      G
               +--------+--------+--------+--------+--------+-----+--------+
         Total |   2867 |   2782 |     85 |    173 |   1917 |   4 |  716.8 |
       Dungeon |   2867 |   2782 |     85 |    173 |   1917 |   4 |  716.8 |
               +--------+--------+--------+--------+--------+-----+--------+

Top non-repeatable levels by time:
     D:3: 933 daAuts
     D:1: 920 daAuts
     D:2: 808 daAuts
     D:4: 204 daAuts
